 Dungeon Crawl Stone Soup version 0.17.2 (webtiles) character file.

2 ololoev the Skirmisher (level 1, 0/18 HPs)
             Began as a Mummy Chaos Knight on June 29, 2016.
             Slain by a jackal (2 damage)
             ... on level 1 of the Dungeon.
             The game lasted 00:00:12 (50 turns).

ololoev the Skirmisher (Mummy Chaos Knight)           Turns: 50, Time: 00:00:13

Health: 0/18       AC:  5    Str: 15    XL:     1   Next: 33%
Magic:  1/1        EV: 11    Int: 11    God:    Xom [...*..]
Gold:   0          SH:  0    Dex: 11    Spells: 0 memorised, 0 levels left

rFire  x . .     SeeInvis .     a - +0 falchion (chaos)
rCold  + . .     Clarity  .     b - +2 leather armour
rNeg   + + +     SustAt   .     (no shield)
rPois  ∞         Gourm    .     (no helmet)
rElec  .         Spirit   .     (no cloak)
rCorr  .         Warding  .     (no gloves)
rMut   .         Stasis   .     (no boots)
MR     .....                    (no amulet)
Stlth  +.........               (no ring)
                                (no ring)

@: not resistant to hostile enchantments, very unstealthy
A: no food or potions, fire vulnerability, cold resistance 1, negative energy
resistance 3, torment resistance, unbreathing
a: Renounce Religion


Innate Abilities, Weirdness & Mutations

You do not eat or drink.
Your flesh is vulnerable to fire.
You are immune to poison.
Your flesh is cold resistant.
You are immune to negative energy.
You are immune to unholy pain and torment.
You can survive without breathing.

Inventory:

Hand Weapons
 a - a +0 falchion of chaos (weapon)
Armour
 b - a +2 leather armour (worn)
Scrolls
 c - a scroll of teleportation {unknown}


   Skills:
 - Level 3.0 Fighting
 * Level 2.5 Long Blades
 + Level 1.6 Armour
 - Level 0.7 Dodging


You couldn't memorise any spells.
You didn't know any spells.


You were on level 1 of the Dungeon.
You worshipped Xom.
You were a favourite toy of Xom.
You were not hungry.

You visited 1 branch of the dungeon, and saw 1 of its levels.

####...####
#..#...#.≈#
#P.'...'.(#
#..#...#..#
####...####
#..#...#
#..'...+
#P.#...#
#####@##
#hh# #.gh.
#.....
#......
##.##..# #.
..# #. ..#

Notes
Turn   | Place    | Note
--------------------------------------------------------------
     0 | D:1      | ololoev the Mummy Chaos Knight began the quest for the Orb.
     0 | D:1      | Reached XP level 1. HP: 18/18 MP: 1/1
    35 | D:1      | XOM: harmless Chrm miscast
    50 | D:1      | Slain by a jackal

Dungeon Overview and Level Annotations

Branches:
Dungeon (1/15)

Altars:


Message History

You hit the jackal but do no damage. The jackal bites you.
The hobgoblin hits you.
You are too injured to fight recklessly!
You are too injured to fight recklessly!
You are too injured to fight recklessly!
You are too injured to fight recklessly!
You are too injured to fight recklessly!
You are too injured to fight recklessly!
You are too injured to fight recklessly!
You are too injured to fight recklessly!
You are too injured to fight recklessly!
You are too injured to fight recklessly!
You are too injured to fight recklessly!
You are too injured to fight recklessly!
You are too injured to fight recklessly!
You are too injured to fight recklessly!
You are too injured to fight recklessly!
You are too injured to fight recklessly!
You are too injured to fight recklessly!
You are too injured to fight recklessly!
You are too injured to fight recklessly!
You closely miss the hobgoblin. The jackal bites you.
The hobgoblin hits you but does no damage.
The jackal misses you.
You closely miss the hobgoblin.
The jackal bites you but does no damage.
The hobgoblin closely misses you. The jackal closely misses you.
The hobgoblin closely misses you.
You hit the hobgoblin but do no damage.
Space bends around the hobgoblin.
The hobgoblin is almost dead.
The jackal bites you. The hobgoblin hits you.
You slash the hobgoblin!
You kill the hobgoblin!
The jackal closely misses you. The jackal barely misses you.
The jackal bites you.
You hit the jackal.
The jackal is heavily wounded.
The jackal completely misses you. The jackal bites you. The jackal bites you.
The jackal bites you.
You die...

You could see 3 jackals and a goblin.

Vanquished Creatures
  A hobgoblin (D:1)
  A jackal (D:1)
2 creatures vanquished.

Action                   || total
-------------------------++-------
Melee: Falchion          ||     9

Vault maps used:
D:1:      dpeg_arrival_prison
